cohdb
Replays
Latest Replays
All Replays
Popular Replays
Top Player Replays
Match Explorer
How It Works
Community
CoH3 Stats
Reddit
Sign in to upload your games and track your stats! →
Sign in with Steam
Match 45804204
Unlisted
Match 45804204
Overview
Messages
Build Orders
End
Engineer Squad
Construct Barracks
Riflemen Squad
Selects Special Operations Battlegroup
M1 Mortar Team
Riflemen Squad
Air Support Center
Selects M29 Weasel with M1 Pack Howitzer
P-47 Strafing Run
M29 Weasel with M1 Pack Howitzer
Construct Motor Pool
P-47 Strafing Run
M24 Chaffee Light Tank
Grasshopper Recon Run
P-47 Dive Bomb
P-47 Strafing Run
M1918 Browning Automatic Rifles
Riflemen Squad
Riflemen Squad
P-47 Strafing Run
P-47 Dive Bomb
Selects Smoke Screen
Selects SSF Commando Squad
Construct Medical Station
Grasshopper Recon Run
P-47 Strafing Run
Grenade Package
.30 cal Machine Gun
Selects Air Re-supply Operation
Grasshopper Recon Run
XuZhongwei
3+++
ஜGëneral Hërr Märrஜ
英国原神,启动!
0
0
Comments
sign in to comment!
No comments posted yet!